 Dungeon Crawl Stone Soup version 0.31-a0-149-g3fdcc5976a (webtiles) character file.

Game seed: 14555984563145346463

462 qw the Skirmisher (level 6, 0/53 HPs)
             Began as a Minotaur Hunter on June 7, 2023.
             Shot with an arrow by a centaur (10 damage)
             ... on level 5 of the Dungeon.
             The game lasted 00:01:12 (2484 turns).

qw the Skirmisher (Minotaur Hunter)                 Turns: 2484, Time: 00:01:13

Health: 0/53       AC:  5    Str: 16    XL:     6   Next: 79%
Magic:  0/5        EV: 11    Int:  6    God:
Gold:   260        SH:  0    Dex: 15    Spells: 5/5 levels left

rFire   . . .        Y - +0 shortbow
rCold   . . .        (shield currently unavailable)
rNeg    . . .        d - +0 ring mail
rPois   .            (helmet restricted)
rElec   .            (no cloak)
rCorr   .            (no gloves)
SInv    .            (no boots)
Will    .....        g - amulet of guardian spirit
Stlth   +            (no ring)
HPRegen 0.28/turn    (no ring)
MPRegen 0.09/turn

%: guardian spirit
@: about to teleport
A: horns 2, retaliatory headbutt
a: no special abilities


You were on level 5 of the Dungeon.
You visited 1 branch of the dungeon, and saw 5 of its levels.

You collected 260 gold pieces.


Innate Abilities, Weirdness & Mutations

You have a pair of horns on your head.
You reflexively headbutt those who attack you in melee.


   Skills:
 + Level 4.3 Fighting
 - Level 8.1 Ranged Weapons
 - Level 1.7 Armour
 - Level 2.1 Dodging
 - Level 0.7 Stealth


You had 5 spell levels left.
You didn't know any spells.
Your spell library was empty.

Inventory:

Hand Weapons
 Y - a +0 shortbow (weapon)
Armour
 d - a +0 ring mail (worn)
Jewellery
 g - an amulet of guardian spirit (around neck)
Scrolls
 a - a scroll of identify
 c - a scroll of teleportation
 f - a scroll of enchant armour
Potions
 e - 2 potions of curing

Dungeon Overview and Level Annotations

Branches:
Dungeon (5/15)
 Temple: D:4-7

Altars:
Gozag
Vehumet


Message History

The arrow hits the centaur but does no damage.
A hound comes into view.
You shoot an arrow. The hound barks!
The arrow hits the centaur but does no damage.
The centaur shoots an arrow.
The arrow hits you!
An ice beast comes into view.
The centaur shoots an arrow.
The arrow barely misses you.
You shoot an arrow. The arrow misses the hound.
The centaur shoots an arrow.
The arrow hits you.
You shoot an arrow. The arrow hits the hound.
The hound is lightly wounded.
A phantom comes into view.
The centaur shoots an arrow.
The arrow hits you.
You shoot an arrow.
The arrow hits the hound but does no damage.
The hound is lightly wounded.
The hound bites you.
You shoot an arrow. The arrow closely misses the hound.
The centaur shoots an arrow.
The arrow hits you. The hound bites you.
You shoot an arrow. The arrow hits the hound.
The hound is lightly wounded.
The centaur shoots an arrow.
The arrow barely misses you. The hound bites you.
The centaur shoots an arrow.
The arrow hits you! The hound barely misses you.
2482 ||| READING 2 scrolls of teleportation.
As you read the scroll of teleportation, it crumbles to dust.
You feel strangely unstable.
The centaur shoots an arrow.
The arrow barely misses you. The hound bites you but does no damage.
The centaur shoots an arrow.
The arrow closely misses you.
2483 ||| DRINKING potion of heal wounds.
You feel much better. The hound completely misses you. You furiously retaliate!
You headbutt the hound!
The centaur shoots an arrow.
The arrow hits you! The hound bites you.
You shoot an arrow. The arrow hits the hound!
You kill the hound!
The centaur shoots an arrow.
The arrow hits you!
The centaur shoots an arrow.
The arrow hits you!
You die...

#.# ........#
##.. [.......#
#...##........
#....#....$...
#............
#.....c......
#.....WY.....
#...@# #..<.#
##....# ###.##
#.# ###


You could see an ice beast, a phantom and a centaur.

Vanquished Creatures
  Blork the orc (D:4)
  A scorpion (D:4)
  4 hounds
  A jelly (D:4)
  An iguana (D:3)
  Natasha (twice) (D:2)
  An orc wizard (D:3)
  4 adders
  4 worms
  5 orcs
  5 endoplasms
  3 giant cockroaches
  5 goblins
  5 hobgoblins
  4 jackals (D:3)
  3 quokkas
  5 ball pythons
  3 bats
  3 frilled lizards
  7 kobolds
  5 rats
72 creatures vanquished.

Notes
Turn   | Place    | Note
-------+----------+-------------------------------------------
     0 | D:1      | qw the Minotaur Hunter began the quest for the Orb.
     0 | D:1      | Reached XP level 1. HP: 18/18 MP: 0/0
     0 | D:1      | 0 ||| qw: Version: 0.2-a-117-gc6b5c8b
     0 | D:1      | 0 ||| qw: Game counter: 2623
     0 | D:1      | 0 ||| qw: Always use a shield: true
     0 | D:1      | 0 ||| qw: God list: Okawaru
     0 | D:1      | 0 ||| qw: Allow faded altars: false
     0 | D:1      | 0 ||| qw: Do Orc after D:15 true
     0 | D:1      | 0 ||| qw: Do second Lair branch before Depths: true
     0 | D:1      | 0 ||| qw: Lair rune preference: random
     0 | D:1      | 0 ||| qw: Plans: Normal
     0 | D:1      | 0 ||| PLANNING D:1-11
   166 | D:1      | Reached XP level 2. HP: 25/25 MP: 1/1
   200 | D:1      | Reached skill level 5 in Ranged Weapons
   284 | D:1      | 284 ||| UPGRADING to +0 ring mail.
   294 | D:1      | 294 ||| DROPPING +0 leather armour.
   295 | D:1      | 295 ||| READING scroll labelled LUONNENKUY.
   296 | D:1      | 296 ||| READING scroll labelled VIPIETHURECK.
   297 | D:1      | 297 ||| DRINKING 2 puce potions.
   298 | D:1      | 298 ||| DROPPING scroll of butterflies.
   327 | D:2      | Reached skill level 1 in Armour
   332 | D:2      | 332 ||| FLEEEEING.
   333 | D:2      | 333 ||| FLEEEEING.
   336 | D:2      | 336 ||| FLEEEEING.
   352 | D:2      | Reached XP level 3. HP: 25/30 MP: 2/2
   469 | D:2      | Reached skill level 3 in Fighting
   721 | D:2      | Found a faded altar of an unknown god.
   745 | D:2      | Noticed Natasha
   753 | D:2      | Killed Natasha
   754 | D:2      | Reached XP level 4. HP: 17/38 MP: 3/3
   839 | D:2      | Noticed Natasha
   845 | D:2      | Killed Natasha
   846 | D:2      | Reached skill level 6 in Ranged Weapons
   872 | D:2      | 872 ||| DROPPING ring of flight.
   873 | D:2      | 873 ||| READING scroll labelled NONENE SOLIZAU.
   876 | D:2      | 876 ||| READING 2 scrolls of identify.
   876 | D:2      | 876 ||| IDENTIFYING purple potion
   996 | D:3      | Identified the +1 lajatang "Dennell" {heavy, rElec rCorr
                  | Int+3}
  1020 | D:3      | Reached XP level 5. HP: 46/46 MP: 4/4
  1127 | D:3      | Found an opulent altar of Gozag.
  1443 | D:3      | 1443 ||| DROPPING ring of wizardry.
  1444 | D:3      | 1444 ||| READING 4 scrolls of identify.
  1444 | D:3      | 1444 ||| IDENTIFYING dark potion
  1445 | D:3      | 1445 ||| READING 3 scrolls of identify.
  1445 | D:3      | 1445 ||| IDENTIFYING fuming pink potion
  1446 | D:3      | 1446 ||| READING 2 scrolls of identify.
  1446 | D:3      | 1446 ||| IDENTIFYING bubbling inky potion
  1447 | D:3      | 1447 ||| DROPPING potion of enlightenment.
  1448 | D:3      | 1448 ||| DROPPING potion of attraction.
  1449 | D:3      | 1449 ||| DROPPING potion of magic.
  1478 | D:4      | 1478 ||| STAIRDANCE
  1486 | D:3      | 1486 ||| DRINKING potion of curing.
  1486 | D:3      | 1486 ||| (to cure confusion)
  1526 | D:4      | 1526 ||| STAIRDANCE
  1589 | D:4      | Noticed Blork the orc
  1603 | D:4      | Killed Blork the orc
  1604 | D:4      | Reached skill level 7 in Ranged Weapons
  1604 | D:4      | Reached XP level 6. HP: 21/52 MP: 5/5
  1604 | D:4      | 1604 ||| FLEEEEING.
  1605 | D:4      | 1605 ||| FLEEEEING.
  1606 | D:4      | 1606 ||| STAIRDANCE
  1731 | D:4      | Found a radiant altar of Vehumet.
  2271 | D:4      | 2271 ||| UPGRADING to amulet of guardian spirit.
  2276 | D:4      | 2276 ||| READING scroll labelled BINWEY HASA.
  2277 | D:4      | 2277 ||| DRINKING 2 red potions.
  2278 | D:4      | 2278 ||| DROPPING potion of brilliance.
  2312 | D:5      | Entered Level 5 of the Dungeon
  2318 | D:5      | 2318 ||| STAIRDANCE
  2327 | D:4      | Reached skill level 8 in Ranged Weapons
  2403 | D:4      | 2403 ||| FLEEEEING.
  2404 | D:4      | 2404 ||| FLEEEEING.
  2405 | D:4      | 2405 ||| FLEEEEING.
  2406 | D:4      | 2406 ||| FLEEEEING.
  2407 | D:4      | 2407 ||| FLEEEEING.
  2408 | D:4      | 2408 ||| FLEEEEING.
  2409 | D:4      | 2409 ||| FLEEEEING.
  2410 | D:4      | 2410 ||| FLEEEEING.
  2411 | D:4      | 2411 ||| FLEEEEING.
  2412 | D:4      | 2412 ||| FLEEEEING.
  2413 | D:4      | 2413 ||| FLEEEEING.
  2414 | D:4      | 2414 ||| FLEEEEING.
  2415 | D:4      | 2415 ||| FLEEEEING.
  2416 | D:4      | 2416 ||| FLEEEEING.
  2417 | D:4      | 2417 ||| FLEEEEING.
  2418 | D:4      | 2418 ||| FLEEEEING.
  2419 | D:4      | 2419 ||| FLEEEEING.
  2420 | D:4      | 2420 ||| FLEEEEING.
  2421 | D:4      | 2421 ||| FLEEEEING.
  2422 | D:4      | 2422 ||| FLEEEEING.
  2423 | D:4      | 2423 ||| FLEEEEING.
  2424 | D:4      | 2424 ||| FLEEEEING.
  2425 | D:4      | 2425 ||| FLEEEEING.
  2426 | D:4      | 2426 ||| FLEEEEING.
  2427 | D:4      | 2427 ||| FLEEEEING.
  2428 | D:4      | 2428 ||| FLEEEEING.
  2429 | D:4      | 2429 ||| FLEEEEING.
  2430 | D:4      | 2430 ||| FLEEEEING.
  2431 | D:4      | 2431 ||| FLEEEEING.
  2432 | D:4      | 2432 ||| FLEEEEING.
  2433 | D:4      | 2433 ||| FLEEEEING.
  2434 | D:4      | 2434 ||| FLEEEEING.
  2435 | D:4      | 2435 ||| FLEEEEING.
  2436 | D:4      | 2436 ||| FLEEEEING.
  2437 | D:4      | 2437 ||| FLEEEEING.
  2438 | D:4      | 2438 ||| FLEEEEING.
  2439 | D:4      | 2439 ||| FLEEEEING.
  2440 | D:4      | 2440 ||| FLEEEEING.
  2441 | D:4      | 2441 ||| FLEEEEING.
  2443 | D:4      | 2443 ||| FLEEEEING.
  2444 | D:4      | 2444 ||| FLEEEEING.
  2445 | D:4      | 2445 ||| STAIRDANCE
  2476 | D:5      | Noticed an ice beast
  2481 | D:5      | HP: 6/53 [centaur/arrow (10)]
  2482 | D:5      | 2482 ||| READING 2 scrolls of teleportation.
  2483 | D:5      | 2483 ||| DRINKING potion of heal wounds.
  2484 | D:5      | Shot with an arrow by a centaur

Levels and vault maps discovered:
D:1:      nicolae_arrival_memento_mori, layout_rooms
D:2:      layout_rooms, hellmonk_ecumenical_altar_slurped_away, chequers_jeans,
          uniq_natasha
D:3:      layout_rooms, nicolae_gozag_seed_capital, serial_curves,
          eino_curves_01, eino_curves_01, corner_web_ring,
          minmay_goblin_kobold_house
D:4:      layout_basic, vehumet_crystals, uniq_blork_the_orc
D:5:      layout_cave_pools, nicolae_overflow_two_pavilions,
          nzn_hepliaklqana_mist_gate, ebering_ghost_inner_flame, uniq_eustachio,
          uniq_ijyb

Skill      XL: |  1  2  3  4  5  6 |
---------------+-------------------+-----
Ranged Weapons | 5 6 7 8 |  8.1
Armour         | 1 |  1.7
Fighting       | 3 4 |  4.3
Dodging        | |  2.1
Stealth        | |  0.7

Action                     |  1- 3 |  4- 6 || total
---------------------------+-------+-------++-------
   Fire: Shortbow          |    75 |   158 ||   233
    Use: Scroll            |     2 |     7 ||     9
         Potion            |     1 |     3 ||     4
 Armour: Ring mail         |     5 |    23 ||    28
  Dodge: Dodged            |    15 |    65 ||    80

Table legend:
 A = Non-vault XP
 B = Vault XP
 C = Vault XP percentage of total XP
 D = Non-vault monster count
 E = Vault monster count
 F = Vault count percentage of total count
                 A         B        C        D         E       F
            +---------+---------+-------+---------+---------+-------
      Total |     566 |     136 |  19.4 |      66 |       6 |   8.3
            +---------+---------+-------+---------+---------+-------
        D:1 |      18 |       0 |   0.0 |      12 |       0 |   0.0
        D:2 |      89 |      38 |  29.9 |      18 |       2 |  10.0
        D:3 |     149 |       4 |   2.6 |      17 |       3 |  15.0
        D:4 |     268 |      94 |  26.0 |      18 |       1 |   5.3
        D:5 |      42 |       0 |   0.0 |       1 |       0 |   0.0
            +---------+---------+-------+---------+---------+-------
